 Dungeon Sprint DCSS version 0.17-a0-1731-g129c023 (webtiles) character file.

85344 Kidiri the Hoplite (level 15, -2/149 HPs)
             Began as a Minotaur Fighter on Aug 30, 2015.
             Was the Champion of Okawaru.
             Slain by Kidiri's illusion (16 damage)
             ... woven by Mara
             ... in the Dungeon (Sprint IX: "|||||||||||||||||||||||||||||").
             The game lasted 00:40:19 (4282 turns).

Kidiri the Hoplite (Minotaur Fighter)               Turns: 4282, Time: 00:40:19

Health: -2/149     AC: 34    Str: 32    XL:     15   Next: 37%
Magic:  25/25      EV: 15    Int: 12    God:    Okawaru [******]
Gold:   1813       SH: 28    Dex: 10    Spells: 0 memorised, 14 levels left

rFire  + + .     SeeInvis .     F - +3 morningstar (protect)
rCold  + . .     Clarity  .     C - +1 plate armour {rPois}
rNeg   . . .     SustAt   .     q - +2 large shield
rPois  +         Gourm    .     (helmet restricted)
rElec  +         Spirit   .     y - +0 cloak of the Ladybird {rCorr Str+4 Int+5}
rCorr  +         Warding  .     G - +1 pair of gloves
rMut   .         NoTele   +     e - +0 pair of boots
MR     +....                    (no amulet)
Stlth  ..........               E - ring of protection from fire
                                b - +2 ring of protection

@: exhausted, resistant, slowed, very slow, somewhat resistant to hostile
enchantments, extremely unstealthy
A: retaliatory headbutt, horns 2, rough black scales 1, blink 1, blurry vision
1, clever 1, deformed body, deterioration 2, electricity resistance, strong 1,
no device heal 1
a: Blink, Heroism, Finesse, Renounce Religion


You were in the Dungeon.
You worshipped Okawaru.
Okawaru was exalted by your worship.
You were not hungry.

You visited 1 branch You collected 1921 gold pieces.
You spent 108 gold pieces at shops.

Inventory:

Hand weapons
 c - a +5 mace of draining
 F - a +3 morningstar of protection (weapon)
Armour
 e - a +0 pair of boots (worn)
 q - a +2 large shield (worn)
 r - a gold dragon hide
 y - the +0 cloak of the Ladybird (worn) {rCorr Str+4 Int+5}
   (Okawaru gifted it to you in the Dungeon)

   It affects your strength (+4).
   It affects your intelligence (+5).
   It protects you from acid and corrosion.
 C - a +1 plate armour of poison resistance (worn)
 G - a +1 pair of gloves (worn)
Jewellery
 b - a +2 ring of protection (left hand)
 E - a ring of protection from fire (right hand)
Magical devices
 o - a wand of draining (7)
Scrolls
 l - 5 scrolls of remove curse
 m - 2 scrolls of amnesia
 n - 2 scrolls of blinking
 p - a scroll of recharging
 v - a scroll of fog
 w - 2 scrolls of fear
 z - 2 scrolls of identify
 H - 2 scrolls of enchant weapon
Potions
 d - a potion of might
 f - a potion of invisibility
 h - 2 potions of haste
 i - 4 potions of magic
 j - a potion of berserk rage
 k - 3 potions of curing
 t - a potion of brilliance
 u - a potion of resistance
 x - a potion of lignification {unknown}
Comestibles
 a - 39 fruits
 s - 11 bread rations
 A - 12 meat rations
 B - 25 chunks of flesh


   Skills:
 + Level 18.1 Fighting
 * Level 23.6 Maces & Flails
 * Level 23.7 Armour
 + Level 16.6 Dodging
 * Level 23.8 Shields
 + Level 14.9 Invocations


You had 14 spell levels left.
You didn't know any spells.

Dungeon Overview and Level Annotations

Branches:
Dungeon (1/1)

Altars:
Cheibriados
Dithmenos
Elyvilon
Fedhas
Gozag
Kikubaaqudgha
Makhleb
Nemelex Xobeh
Okawaru
Qazlal
Ru
Sif Muna
Trog
Vehumet
Xom
Yredelemnul
Zin
The Shining One
Beogh
Jiyva
Lugonu

Shops:
D ?=%[

Annotations:
D Louise, Mara


Innate Abilities, Weirdness & Mutations

You reflexively headbutt those who attack you in melee.
You have a pair of horns on your head.
You are partially covered in rough black scales (AC +4, Dex -1).
You can translocate small distances at will.
Scrolls take you a little longer to read.
Your mind is acute. (Int +2)
Armour fits poorly on your strangely shaped body.
Your body often deteriorates upon taking damage.
You are resistant to electric shocks.
Your muscles are strong. (Str +2)
Potions and wands are less effective at restoring your health.


Message History

Louise says, "Who do you take me for, some common mercenary?"
Louise hits you but does no damage.
Things that are here:
a dagger; a robe You sock Mara!
Your headbutt misses Mara.
Mara is heavily wounded.
You block Kidiri's illusion's attack. Mara hits you but does no damage.
Mara gestures.
Mara blinks!
Unknown command.
Your plate armour prevents you from hitting Mara.
You headbutt Mara.
Mara is heavily wounded.
You block Louise's attack. You block Kidiri's illusion's attack.
Mara hits you but does no damage. You block Mara's attack.
Unknown command.
You completely miss Mara.
Mara is heavily wounded.
Kidiri's illusion hits you!
You die...

▓..........)........
▓▓▓▓▓▓▓▓▓▓▓▓▓▓♣♣♣♣♣♣
▓............'......
▓.▓▓▓▓▓▓▓▓▓▓▓▓♣♣♣♣♣♣
▓...................
▓▓▓▓▓▓▓▓▓▓▓▓▓▓▓▓▓▓▓▓
▓.........'.......))
▓R▓▓▓▓▓▓▓▓▓▓▓▓▓▓▓▓▓▓
▓.R@@@))...†.......§
▓▓▓▓▓▓▓▓▓▓▓▓▓▓▓▓▓▓▓▓


You could see 2 Maras, Louise and Kidiri's illusion.

Vanquished Creatures
  Boris (D)
  Frederick (D)
  Margery (D)
  Norris (D)
  A golden dragon (D)
  Xtahua (D)
  2 greater nagas (D)
  A fire giant (D)
  4 vault wardens (D)
  2 frost giants (D)
  2 stone giants (D)
  A vampire knight (D)
  An ettin (D)
  2 fire dragons (D)
  A crystal guardian (D)
  3 yaktaur captains (D)
  A great orb of eyes (D)
  2 ice dragons (D)
  A naga warrior (D)
  A hydra (D)
  An anaconda (D)
  A ghost crab (D)
  An ogre mage (D)
  A centaur warrior (D)
  A catoblepas (D)
  An alligator snapping turtle (D)
  A satyr (D)
  9 orc high priests (D)
  3 death yaks (D)
  A spriggan berserker (D)
  3 hell knights (D)
  A sea snake (D)
  A spriggan druid (D)
  A shambling mangrove (D)
  2 swamp dragons (D)
  2 unseen horrors (D)
  2 wizards (D)
  9 orc knights (D)
  3 necromancers (D)
  A mana viper (D)
  A manticore (D)
  An orb spider (D)
  2 hornets (D)
  2 wolf spiders (D)
  3 ugly things (D)
  An elephant (D)
  A naga mage (D)
  2 vault sentinels (D)
  An efreet (D)
  2 black mambas (D)
  5 yaktaurs (D)
  A kobold demonologist (D)
  2 spiny frogs (D)
  3 demonic crawlers (D)
  A fire drake (D)
  A freezing wraith (D)
  4 merfolk (D)
  A troll (D)
  A troll (shapeshifter) (D)
  A two-headed ogre (D)
  A fire drake (shapeshifter) (D)
  A jumping spider (D)
  A giant leech (D)
  A slime creature (D)
  A blink frog (shapeshifter) (D)
  A snapping turtle (D)
  4 yaks (D)
  A hippogriff (D)
  Eustachio (D)
  A deep elf fighter (D)
  A hippogriff (shapeshifter) (D)
  A soldier ant (shapeshifter) (D)
  A naga (D)
  2 porcupines (D)
  3 water moccasins (D)
  2 wasps (D)
  2 ice beasts (D)
  2 spiders (D)
  10 orc warriors (D)
  3 crocodiles (D)
  A centaur (D)
  3 giant frogs (D)
  2 crimson imps (D)
  3 orc wizards (D)
  3 iguanas (D)
  An orc priest (D)
  3 worker ants (D)
  2 river rats (D)
  A shadow imp (D)
  A giant gecko (D)
  8 orcs (D)
  A bat (D)
  A hobgoblin (D)
  A giant newt (D)
  A goblin (D)
  A quokka zombie (D)
  A rat (D)
185 creatures vanquished.

Vanquished Creatures (others)
  Nikola (D)
  A catoblepas (D)
  A death yak (D)
  An unseen horror (D)
4 creatures vanquished.

Grand Total: 189 creatures vanquished

Notes
Turn   | Place    | Note
--------------------------------------------------------------
     0 | D        | Kidiri the Minotaur Fighter began the quest for the Orb.
     0 | D        | Reached XP level 1. HP: 19/19 MP: 0/0
    10 | D        | Reached skill level 4 in Shields
    16 | D        | Reached skill level 1 in Dodging
    76 | D        | Noticed an ice beast
    76 | D        | Noticed a worker ant
    76 | D        | Noticed a centaur
    85 | D        | Killed a centaur
    85 | D        | Reached skill level 5 in Maces & Flails
    85 | D        | Reached skill level 5 in Armour
    85 | D        | Reached skill level 6 in Shields
    85 | D        | Reached XP level 2. HP: 7/28 MP: 1/1
    85 | D        | Reached XP level 3. HP: 8/35 MP: 2/2
    85 | D        | Reached XP level 4. HP: 9/41 MP: 3/3
    93 | D        | Killed a worker ant
    93 | D        | Reached skill level 5 in Fighting
   113 | D        | HP: 2/42 [poisoned by a worker ant]
   414 | D        | Killed an ice beast
   414 | D        | Reached skill level 7 in Maces & Flails
   414 | D        | Reached XP level 5. HP: 47/50 MP: 4/4
   428 | D        | Found a glowing silver altar of Zin.
   428 | D        | Found a glowing golden altar of the Shining One.
   428 | D        | Found an ancient bone altar of Kikubaaqudgha.
   428 | D        | Found a basalt altar of Yredelemnul.
   428 | D        | Found a shimmering altar of Xom.
   428 | D        | Found a radiant altar of Vehumet.
   429 | D        | Found an iron altar of Okawaru.
   430 | D        | Found a burning altar of Makhleb.
   431 | D        | Found a deep blue altar of Sif Muna.
   432 | D        | Found a bloodstained altar of Trog.
   433 | D        | Found a sparkling altar of Nemelex Xobeh.
   434 | D        | Found a white marble altar of Elyvilon.
   435 | D        | Found a roughly hewn altar of Beogh.
   436 | D        | Found a viscous altar of Jiyva.
   437 | D        | Became a worshipper of Warmaster Okawaru
   438 | D        | Found a corrupted altar of Lugonu.
   439 | D        | Found a blossoming altar of Fedhas.
   440 | D        | Found a snail-covered altar of Cheibriados.
   441 | D        | Found a shadowy altar of Dithmenos.
   442 | D        | Found a stormy altar of Qazlal.
   443 | D        | Found an opulent altar of Gozag.
   444 | D        | Found a sacrificial altar of Ru.
   494 | D        | Noticed a two-headed ogre
   494 | D        | Noticed a crimson imp
   494 | D        | Noticed a worker ant
   494 | D        | Noticed a worker ant
   494 | D        | Noticed an iguana
   517 | D        | Killed an unseen horror
   517 | D        | Acquired Okawaru's first power
   517 | D        | Reached skill level 9 in Maces & Flails
   517 | D        | Reached skill level 5 in Dodging
   517 | D        | Reached skill level 10 in Shields
   517 | D        | Reached XP level 6. HP: 45/60 MP: 4/7
   517 | D        | Reached XP level 7. HP: 49/66 MP: 4/8
   519 | D        | Killed a crimson imp
   519 | D        | Reached skill level 10 in Armour
   523 | D        | Killed an iguana
   525 | D        | Killed a worker ant
   527 | D        | Killed a worker ant
   531 | D        | Killed a two-headed ogre
   531 | D        | Reached skill level 10 in Maces & Flails
   611 | D        | Noticed a cyan ugly thing
   611 | D        | Noticed a water moccasin
   611 | D        | Noticed a yak
   611 | D        | Noticed an ice beast
   617 | D        | Killed an ice beast
   617 | D        | Reached XP level 8. HP: 74/74 MP: 7/10
   627 | D        | Killed a yak
   627 | D        | Reached skill level 11 in Armour
   634 | D        | Killed a cyan ugly thing
   634 | D        | Reached skill level 5 in Invocations
   646 | D        | Killed a water moccasin
   654 | D        | Gained mutation: You are partially covered in rough black scales (AC +4, Dex -1). [mutagenic meat]
   655 | D        | Gained mutation: Potions and wands are less effective at restoring your health. [mutagenic meat]
   770 | D        | Noticed an iguana
   770 | D        | Noticed an iguana
   770 | D        | Noticed a water moccasin
   770 | D        | Noticed a giant frog
   770 | D        | Noticed a porcupine
   770 | D        | Noticed a water moccasin
   774 | D        | Noticed a fire drake
   774 | D        | Killed a water moccasin
   779 | D        | Noticed a crocodile
   780 | D        | Killed a porcupine
   780 | D        | Reached skill level 12 in Shields
   786 | D        | Killed a giant frog
   786 | D        | Reached XP level 9. HP: 79/83 MP: 10/12
   791 | D        | Killed a water moccasin
   796 | D        | Killed an iguana
   799 | D        | Killed an iguana
   805 | D        | Killed a fire drake
   808 | D        | Killed a crocodile
   815 | D        | Noticed a spiny frog
   829 | D        | Killed a spiny frog
   927 | D        | Noticed a giant frog
   927 | D        | Noticed a death yak
   927 | D        | Noticed a porcupine
   927 | D        | Noticed an elephant
   927 | D        | Noticed a crocodile
   929 | D        | Killed a crocodile
   930 | D        | Noticed a hippogriff
   942 | D        | Killed an elephant
   942 | D        | Reached skill level 13 in Armour
   960 | D        | Killed a death yak
   960 | D        | Acquired Okawaru's second power
   960 | D        | Received a gift from Okawaru
   960 | D        | Reached skill level 10 in Fighting
   963 | D        | Killed a porcupine
   966 | D        | Noticed a crocodile
   968 | D        | Killed a giant frog
   968 | D        | Reached XP level 10. HP: 75/93 MP: 12/14
   970 | D        | Killed a hippogriff
   981 | D        | Killed a crocodile
  1042 | D        | Noticed a yak
  1042 | D        | Noticed a death yak
  1042 | D        | Noticed a yak
  1042 | D        | Noticed a catoblepas
  1042 | D        | Noticed a catoblepas
  1042 | D        | Noticed a death yak
  1056 | D        | Noticed a death yak
  1068 | D        | Killed a death yak
  1079 | D        | Noticed a yak
  1089 | D        | Killed a catoblepas
  1089 | D        | Reached skill level 14 in Armour
  1119 | D        | Killed a catoblepas
  1146 | D        | Killed a death yak
  1152 | D        | Killed a death yak
  1152 | D        | Received a gift from Okawaru
  1153 | D        | Got a scorched cloak {god gift}
  1161 | D        | Killed a yak
  1170 | D        | Killed a yak
  1170 | D        | Reached skill level 15 in Shields
  1173 | D        | Killed a yak
  1173 | D        | Reached skill level 10 in Dodging
  1179 | D        | Identified the +0 cloak of the Ladybird {rCorr Str+4 Int+5} (Okawaru gifted it to you in the Dungeon)
  1512 | D        | Noticed an orc wizard
  1512 | D        | Noticed an orc warrior
  1512 | D        | Noticed an orc wizard
  1514 | D        | Noticed an orc wizard
  1516 | D        | Killed an orc wizard
  1518 | D        | Noticed an orc knight
  1518 | D        | Killed an orc warrior
  1520 | D        | Killed an orc wizard
  1524 | D        | Noticed an orc warrior
  1527 | D        | Killed an orc wizard
  1541 | D        | Killed an orc knight
  1541 | D        | Reached skill level 15 in Armour
  1541 | D        | Reached XP level 11. HP: 96/102 MP: 10/16
  1546 | D        | Killed an orc warrior
  1615 | D        | Noticed an orc priest
  1615 | D        | Noticed an orc warrior
  1615 | D        | Noticed an orc warrior
  1615 | D        | Noticed an orc warrior
  1615 | D        | Noticed an orc warrior
  1615 | D        | Noticed an orc knight
  1617 | D        | Noticed an orc warrior
  1621 | D        | Killed an orc knight
  1621 | D        | Reached skill level 15 in Maces & Flails
  1622 | D        | Noticed an orc warrior
  1624 | D        | Killed an orc warrior
  1625 | D        | Noticed a stone giant
  1627 | D        | Killed an orc warrior
  1628 | D        | Noticed an orc knight
  1633 | D        | Killed an orc warrior
  1635 | D        | Noticed an orc warrior
  1638 | D        | Killed an orc warrior
  1640 | D        | Noticed an orc warrior
  1645 | D        | Killed a stone giant
  1654 | D        | Killed an orc warrior
  1658 | D        | Killed an orc warrior
  1674 | D        | Killed an orc knight
  1677 | D        | Killed an orc warrior
  1686 | D        | Killed an orc warrior
  1686 | D        | Reached skill level 16 in Shields
  1688 | D        | Killed an orc priest
  1809 | D        | Found Zetej's Antique Armour Boutique.
  1809 | D        | Noticed an orc high priest
  1809 | D        | Noticed an orc high priest
  1809 | D        | Noticed an orc high priest
  1809 | D        | Noticed an orc knight
  1809 | D        | Noticed an orc high priest
  1811 | D        | Noticed an orc high priest
  1816 | D        | Killed an orc high priest
  1817 | D        | Noticed an orc knight
  1833 | D        | Killed an orc knight
  1833 | D        | Received a gift from Okawaru
  1834 | D        | Found Godghynu's Food Shop.
  1842 | D        | Killed an orc high priest
  1845 | D        | Noticed an orc knight
  1847 | D        | Killed an orc high priest
  1850 | D        | Killed an orc high priest
  1851 | D        | Found Sates's Jewellery Boutique.
  1854 | D        | Noticed an orc high priest
  1855 | D        | Killed an orc high priest
  1861 | D        | Killed an orc knight
  1862 | D        | Found Dehuacrenko's Magic Scroll Shop.
  1862 | D        | Noticed an orc high priest
  1869 | D        | Killed an orc knight
  1869 | D        | Reached skill level 17 in Shields
  1870 | D        | Noticed an orc high priest
  1876 | D        | Killed an orc high priest
  1876 | D        | Reached XP level 12. HP: 61/113 MP: 13/18
  1877 | D        | Noticed an orc knight
  1881 | D        | Killed an orc high priest
  1887 | D        | Noticed an orc high priest
  1889 | D        | Killed an orc high priest
  1889 | D        | Reached skill level 10 in Invocations
  1895 | D        | Killed an orc knight
  1901 | D        | Killed an orc high priest
  1922 | D        | Bought a glowing large shield for 108 gold pieces
  2166 | D        | Noticed Eustachio
  2172 | D        | Killed Eustachio
  2172 | D        | Received a gift from Okawaru
  2295 | D        | Noticed a slime creature
  2295 | D        | Noticed a giant frog
  2295 | D        | Noticed a centaur warrior
  2295 | D        | Noticed a troll
  2295 | D        | Noticed an efreet
  2296 | D        | Noticed a crimson imp
  2299 | D        | Killed an efreet
  2300 | D        | Noticed a kobold demonologist
  2304 | D        | Killed a troll
  2305 | D        | Noticed a yaktaur
  2311 | D        | Killed a centaur warrior
  2313 | D        | Killed a giant frog
  2316 | D        | Killed an unseen horror
  2317 | D        | Noticed a wizard
  2318 | D        | Noticed a fire giant
  2320 | D        | Killed a slime creature
  2324 | D        | Noticed a necromancer
  2330 | D        | Killed a crimson imp
  2333 | D        | Noticed a fire dragon
  2337 | D        | Killed a fire giant
  2337 | D        | Reached skill level 18 in Shields
  2342 | D        | Noticed a wizard
  2342 | D        | Killed a kobold demonologist
  2343 | D        | Noticed a yaktaur
  2348 | D        | Killed a yaktaur
  2354 | D        | Killed a wizard
  2362 | D        | Killed a necromancer
  2372 | D        | Killed a fire dragon
  2374 | D        | Killed a wizard
  2378 | D        | Killed a yaktaur
  2543 | D        | Noticed Frederick
  2572 | D        | Killed Frederick
  2572 | D        | Reached skill level 19 in Shields
  2572 | D        | Reached XP level 13. HP: 61/124 MP: 17/20
  2652 | D        | Noticed a demonic crawler
  2652 | D        | Noticed a demonic crawler
  2652 | D        | Noticed a wolf spider
  2652 | D        | Noticed a spider
  2652 | D        | Noticed a jumping spider
  2652 | D        | Noticed an orb spider
  2653 | D        | Noticed a demonic crawler
  2656 | D        | Noticed a spider
  2656 | D        | Killed an orb spider
  2656 | D        | Received a gift from Okawaru
  2662 | D        | Killed a jumping spider
  2663 | D        | Killed a spider
  2665 | D        | Noticed a wolf spider
  2667 | D        | Killed a wolf spider
  2673 | D        | Killed a demonic crawler
  2679 | D        | Killed a demonic crawler
  2679 | D        | Received a gift from Okawaru
  2687 | D        | Killed a demonic crawler
  2690 | D        | Killed a spider
  2693 | D        | Killed a wolf spider
  2831 | D        | Noticed an anaconda
  2831 | D        | Noticed a black mamba
  2831 | D        | Noticed a greater naga
  2831 | D        | Noticed a naga
  2831 | D        | Noticed a naga mage
  2831 | D        | Noticed a mana viper
  2836 | D        | Killed a mana viper
  2837 | D        | Noticed a greater naga
  2838 | D        | Killed a naga mage
  2839 | D        | Noticed a black mamba
  2844 | D        | Noticed a naga warrior
  2849 | D        | Killed a greater naga
  2849 | D        | Received a gift from Okawaru
  2855 | D        | Killed an anaconda
  2857 | D        | Killed a naga
  2864 | D        | Killed a greater naga
  2866 | D        | Killed a black mamba
  2869 | D        | Killed a black mamba
  2877 | D        | Killed a naga warrior
  2948 | D        | Noticed a merfolk
  2948 | D        | Noticed a merfolk
  2948 | D        | Noticed a merfolk
  2948 | D        | Noticed a satyr
  2948 | D        | Noticed a merfolk
  2948 | D        | Noticed a sea snake
  2952 | D        | Killed a sea snake
  2952 | D        | Reached skill level 15 in Fighting
  2953 | D        | Noticed a manticore
  2954 | D        | Noticed an alligator snapping turtle
  2960 | D        | Killed a merfolk
  2982 | D        | Killed a satyr
  2982 | D        | Reached skill level 20 in Shields
  2996 | D        | Killed an alligator snapping turtle
  3002 | D        | Noticed a snapping turtle
  3002 | D        | Killed a merfolk
  3006 | D        | Killed a merfolk
  3016 | D        | Killed a merfolk
  3023 | D        | Killed a manticore
  3029 | D        | Killed a snapping turtle
  3288 | D        | Noticed a swamp dragon
  3288 | D        | Noticed a shambling mangrove
  3288 | D        | Noticed a giant leech
  3288 | D        | Noticed a spriggan druid
  3288 | D        | Noticed a ghost crab
  3288 | D        | Noticed a wasp
  3294 | D        | Killed a wasp
  3296 | D        | Noticed a spiny frog
  3299 | D        | Noticed a hornet
  3299 | D        | Killed a ghost crab
  3305 | D        | Noticed a swamp dragon
  3306 | D        | Killed a spriggan druid
  3312 | D        | Killed a giant leech
  3320 | D        | Killed a shambling mangrove
  3329 | D        | Killed a swamp dragon
  3335 | D        | Killed a spiny frog
  3341 | D        | Killed a hornet
  3347 | D        | Killed a swamp dragon
  3400 | D        | Noticed Boris
  3415 | D        | Killed Boris
  3415 | D        | Reached XP level 14. HP: 134/136 MP: 14/22
  3480 | D        | Noticed an ice dragon
  3480 | D        | Noticed a necromancer
  3480 | D        | Noticed a great orb of eyes
  3480 | D        | Noticed a stone giant
  3480 | D        | Noticed a blink frog
  3480 | D        | Noticed a yaktaur
  3481 | D        | Noticed a frost giant
  3489 | D        | Killed a stone giant
  3489 | D        | Reached skill level 21 in Shields
  3490 | D        | Noticed a golden dragon
  3491 | D        | Killed a yaktaur
  3492 | D        | Noticed an ettin
  3496 | D        | Killed a great orb of eyes
  3497 | D        | Noticed a vampire knight
  3499 | D        | Killed a necromancer
  3500 | D        | Noticed a troll
  3503 | D        | Noticed a spriggan berserker
  3507 | D        | Killed a blink frog
  3520 | D        | Killed a vampire knight
  3530 | D        | Killed an ice dragon
  3534 | D        | Noticed a frost giant
  3536 | D        | Killed a frost giant
  3547 | D        | Killed a golden dragon
  3547 | D        | Received a gift from Okawaru
  3548 | D        | Noticed a yaktaur captain
  3552 | D        | Killed an ettin
  3554 | D        | Killed a troll
  3555 | D        | Noticed a yaktaur
  3558 | D        | Killed a spriggan berserker
  3558 | D        | Reached skill level 15 in Dodging
  3559 | D        | Noticed an ice dragon
  3567 | D        | Killed a frost giant
  3572 | D        | Killed a yaktaur captain
  3575 | D        | Killed a yaktaur
  3587 | D        | Killed an ice dragon
  3587 | D        | Reached skill level 22 in Shields
  3589 | D        | Noticed a fire dragon
  3590 | D        | Noticed a purple ugly thing
  3599 | D        | Killed a fire dragon
  3605 | D        | Killed a purple ugly thing
  3609 | D        | Gained mutation: Your body sometimes deteriorates upon taking damage. [mutagenic meat]
  3610 | D        | Gained mutation: Armour fits poorly on your strangely shaped body. [mutagenic meat]
  3637 | D        | Gained mutation: Scrolls take you a little longer to read. [mutagenic meat]
  3638 | D        | Gained mutation: Your body often deteriorates upon taking damage. [mutagenic meat]
  3920 | D        | Noticed a freezing wraith
  3920 | D        | Noticed a vault warden
  3920 | D        | Noticed a hornet
  3920 | D        | Noticed a yaktaur captain
  3920 | D        | Noticed a fire drake
  3921 | D        | Noticed a vault warden
  3922 | D        | Noticed a deep elf fighter
  3928 | D        | Killed a yaktaur captain
  3929 | D        | Noticed a vault sentinel
  3942 | D        | Killed a vault warden
  3943 | D        | Noticed an orc knight
  3946 | D        | Noticed a vault warden
  3956 | D        | Killed a vault warden
  3957 | D        | Killed a fire drake
  3964 | D        | Killed a hornet
  3968 | D        | Killed a freezing wraith
  3969 | D        | Noticed a vault warden
  3970 | D        | Killed a deep elf fighter
  3971 | D        | Noticed an orb spider
  3974 | D        | Noticed an ogre mage
  3982 | D        | Killed a vault warden
  3982 | D        | Received a gift from Okawaru
  3984 | D        | Noticed a crystal guardian
  3989 | D        | Killed a vault sentinel
  3990 | D        | Noticed an orc knight
  3990 | D        | an orb spider changed into a hippogriff
  3997 | D        | Killed a vault warden
  3998 | D        | Noticed a yaktaur captain
  4010 | D        | Killed an orc knight
  4011 | D        | Noticed a yaktaur
  4014 | D        | Noticed a purple ugly thing
  4021 | D        | Killed a crystal guardian
  4025 | D        | Noticed a vault sentinel
  4027 | D        | Killed an orc knight
  4032 | D        | Killed a yaktaur captain
  4040 | D        | Killed a yaktaur
  4044 | D        | Killed a purple ugly thing
  4053 | D        | Killed a vault sentinel
  4056 | D        | Killed an ogre mage
  4095 | D        | Gained mutation: You can translocate small distances at will. [mutagenic meat]
  4096 | D        | Gained mutation: Your mind is acute. (Int +2) [mutagenic meat]
  4097 | D        | Gained mutation: Your muscles are strong. (Str +2) [mutagenic meat]
  4098 | D        | Gained mutation: You are resistant to electric shocks. [mutagenic meat]
  4129 | D        | Noticed Margery
  4129 | D        | Noticed a necromancer
  4129 | D        | Noticed a hell knight
  4130 | D        | Noticed a hell knight
  4131 | D        | Noticed a hell knight
  4133 | D        | Noticed Norris
  4137 | D        | Killed a necromancer
  4146 | D        | Killed a hell knight
  4146 | D        | Reached skill level 23 in Shields
  4146 | D        | Reached XP level 15. HP: 147/147 MP: 17/24
  4166 | D        | Killed Margery
  4170 | D        | Killed a hell knight
  4180 | D        | Killed Norris
  4188 | D        | Killed a hell knight
  4208 | D        | Noticed Mara
  4209 | D        | Noticed a four-headed hydra
  4210 | D        | Noticed Xtahua
  4214 | D        | Noticed Nikola
  4231 | D        | Noticed Kidiri's illusion
  4247 | D        | Killed Mara
  4249 | D        | Noticed Louise
  4253 | D        | Killed Xtahua
  4256 | D        | Killed a four-headed hydra
  4263 | D        | Killed an unseen horror
  4277 | D        | Killed Nikola
  4282 | D        | Slain by Kidiri's illusion

Vault maps used:
D:        linesprint

Action                   |  1- 3 |  4- 6 |  7- 9 | 10-12 | 13-15 || total
-------------------------+-------+-------+-------+-------+-------++-------
Melee: Flail             |    21 |    36 |   131 |       |       ||   188
       Morningstar       |       |       |     1 |   339 |   529 ||   869
Invok: Heroism           |       |       |     4 |     9 |     8 ||    21
       Finesse           |       |       |       |     7 |     8 ||    15
  Use: Potion            |     1 |     2 |       |     3 |     9 ||    15
       Scroll            |       |     1 |       |       |       ||     1
 Stab: Petrifying        |       |       |       |     1 |       ||     1
       Petrified         |       |       |       |     1 |       ||     1
  Eat: Chunk             |       |       |     3 |     2 |    12 ||    17
       Bread ration      |       |       |       |     1 |     1 ||     2
       Fruit             |       |       |       |       |     1 ||     1
